Cogmind - Beta 11 @@@ ROGUE MODE // 2022.04.19 @ 00:45:09 Player: Runia Result: Destroyed by EX-DEC with AWS/EX-DEC Performance ------------- Evolutions (0) 0 Regions Visited (3) 600 Robots Destroyed (40) 200 Value Destroyed (945) 945 Prototype IDs (3) 60 Alien Tech Used (0) 0 Bonus (0) 0 TOTAL SCORE: 1805 Bonus ------- None Cogmind --------- Core Integrity 0/250 Matter 300/300 Energy 100/100 System Corruption 14% Temperature Cool (0) Movement Rolling (110) Ox2 Location -10/Exiles Parts ------- > --- POWER (1) -------- (None) > --- PROPULSION (2) --- Advanced Treads Wheel > --- UTILITY (2) ------ Large Storage Unit Advanced Targeting Computer > --- WEAPON (2) ------- Light Assault Rifle > --- INVENTORY (15) --- Light Treads Improved Heat Sink High-capacity Matter Pod (200) Improved Terrain Scanner Seismic Detector Light Armor Plating Hacking Suite Improved Trap Extractor (0/6) Beam Cannon Light Assault Rifle Grenade Launcher Datajack Mining Laser Axe Peak State ------------ > --- POWER ------------ Light Nuclear Core > --- PROPULSION ------- Advanced Treads Wheel > --- UTILITY ---------- Large Storage Unit Advanced Targeting Computer > --- WEAPON ----------- Assault Rifle Light Assault Rifle > --- INVENTORY -------- Light Treads Improved Heat Sink Improved Heat Sink Improved Terrain Scanner Seismic Detector Light Armor Plating Hacking Suite Hacking Suite Improved Trap Extractor Beam Cannon Light Assault Rifle Grenade Launcher Datajack Mining Laser Axe [Rating: 16] Favorites ----------- Power Light Nuclear Core Engine Ion Engine Power Core Light Nuclear Core Propulsion Light Treads Treads Light Treads Leg Aluminum Leg Wheel Wheel Utility Large Storage Unit Device Improved Heat Sink Storage Large Storage Unit Processor Advanced Targeting Computer Protection Light Armor Plating Weapon Light Assault Rifle Ballistic Gun Light Assault Rifle Launcher Grenade Launcher Build | -11 -10 -10 -10 ------- Run | Scr Mat Min Exi Slots Evolved . | . . . . Power . | . . . . Propulsion . | . . . . Utility . | . . . . Weapon . | . . . . Parts Attached 24 | 3 10 11 . Power 1 | . 1 . . Engine . | . . . . Core 1 | . 1 . . Reactor . | . . . . Propulsion 7 | 2 3 2 . Treads 5 | 2 2 1 . Leg . | . . . . Wheel 2 | . 1 1 . Hover . | . . . . Flight . | . . . . Utility 7 | 1 4 2 . Device 3 | 1 2 . . Storage 1 | . 1 . . Processor 1 | . . 1 . Hackware . | . . . . Protection 2 | . 1 1 . Artifact . | . . . . Weapon 9 | . 2 7 . Energy Gun . | . . . . Energy Cannon . | . . . . Ballistic Gun 6 | . 1 5 . Ballistic Cannon . | . . . . Launcher 3 | . 1 2 . Special Weapon . | . . . . Impact Weapon . | . . . . Slashing Weapon . | . . . . Piercing Weapon . | . . . . Special Melee Weapon . | . . . . Unidentified Prototypes . | . . . . Corrupted Parts 3 | . . 3 . System Corruption 12 | . . 12 . Parts Lost 3 | . . 1 2 Power 1 | . . . 1 Propulsion . | . . . . Utility . | . . . . Weapon 2 | . . 1 1 Highest Loss Streak 2 | . . 1 2 To Critical Strikes . | . . . . Average Slot Usage (%) 98 | . 97 99 97 Engine 2 | . 3 . . Core 11 | . 10 14 12 Treads 19 | . 22 14 14 Wheel 8 | . 5 14 14 Device 7 | . 11 . . Storage 14 | . 14 14 14 Processor 1 | . . 2 14 Protection 3 | . . 11 . Ballistic Gun 27 | . 27 27 26 Naked Turns . | . . . . Heaviest Build 31 | 14 30 31 28 Greatest Support 40 | 40 40 10 10 Greatest Overweight (x) 3 | . 2 3 2 Average Overweight (x) 1 | . . 2 2 Largest Inventory Capacity 15 | 8 15 15 15 Average Capacity 14 | 8 14 15 15 Most Carried 15 | 6 13 15 15 Average Carried 10 | 2 8 14 14 Final Capacity 15 | 8 15 15 15 Final Carried 15 | 2 13 15 14 Class Distribution -------------------- 93% | Mutant 6% | Scavenger-Mutant Dominant Class ---------------- Mutant | -10/Materials Mutant | -10/Mines Mutant | -10/Exiles Resources | -11 -10 -10 -10 ----------- Run | Scr Mat Min Exi Matter Collected 964 | 234 480 230 20 Remotely . | . . . . Salvage Created 1302 | 23 1033 246 . Parts 100 | 2 77 21 . Haulers Intercepted 2 | . 2 . . Recyclers Shooed 1 | . . 1 . Parts Field Recycled . | . . . . Retrieved Matter . | . . . . Parts Self-Destructed . | . . . . Prevented . | . . . . Kills | -11 -10 -10 -10 ------- Run | Scr Mat Min Exi Combat Hostiles Destroyed 24 | . 17 7 . Guns 18 | . 16 2 . AOE 6 | . 1 5 . Classes Destroyed 9 | 1 7 1 . Worker 3 | . 2 1 . Builder 1 | . 1 . . Tunneler 4 | 1 2 1 . Hauler 2 | . 2 . . Recycler 1 | . 1 . . Operator 2 | . 2 . . Watcher 3 | . 3 . . Swarmer 3 | . . 3 . Grunt 21 | . 17 4 . Best Kill Streak 4 | 1 4 3 . Combat Bots Only 3 | . 3 3 . Max Kills in Single Turn 3 | 1 2 3 . Gunslinging . | . . . . Exploded 3 | . 1 3 . Melee . | . . . . Uniques/NPCs Destroyed . | . . . . Combat | -11 -10 -10 -10 -------- Run | Scr Mat Min Exi Damage Taken 1107 | . 665 108 334 Core 250 | . 151 18 81 Absorbed by Shields . | . . . . Core Remaining (%) 100 | 100 . . . Volleys Fired 121 | 1 104 16 . Largest 2 | 2 2 2 . Hottest 40 | 40 40 40 . Shots Fired 240 | 2 206 31 1 Gun 236 | 2 204 29 1 Cannon . | . . . . Launcher 4 | . 2 2 . Special . | . . . . Kinetic 236 | 2 204 29 1 Thermal . | . . . . Explosive 4 | . 2 2 . Electromagnetic . | . . . . Robot Hit Streak 15 | 2 15 12 . Robot Miss Streak 3 | . 3 2 1 Penetration Max . | . . . . Secondary Targets 1 | . 1 . . Max Gunslinging Chain 1 | . 1 . . Shots Hit Robots 175 | 2 151 22 . Core Hits 76 | 1 61 14 . Critical Kills . | . . . . Critical Parts Destroyed 1 | . 1 . . Critical Strikes 1 | . 1 . . Destroy 1 | . 1 . . Melee Attacks . | . . . . Impact . | . . . . Slashing . | . . . . Piercing . | . . . . Sneak Attacks . | . . . . Combat Hostiles . | . . . . Follow-up Attacks . | . . . . Damage Inflicted 2063 | 23 1632 408 . Guns 1764 | 23 1539 202 . Cannons . | . . . . Explosions 299 | . 93 206 . Melee . | . . . . Ramming . | . . . . Kinetic 1764 | 23 1539 202 . Thermal . | . . . . Explosive 299 | . 93 206 . Electromagnetic . | . . . . Impact . | . . . . Slashing . | . . . . Piercing . | . . . . Highest Corruption 14 | . . 12 14 Average Corruption 8 | . . 8 12 Corruption Purged . | . . . . Corruption Blocked . | . . . . Effects 20 | . . 16 4 Message Errors 5 | . . 4 1 Matter Fused 1 | . . . 1 Heat Flow Errors 3 | . . 2 1 Energy Discharges 3 | . . 3 . Data Loss (minor) 3 | . . 3 . Misfires 3 | . . 2 1 Alerts 2 | . . 2 . Overload Shots . | . . . . Overflow Damage . | . . . . Projectiles . | . . . . Explosions . | . . . . Melee . | . . . . Knockbacks . | . . . . Impact . | . . . . Kinetic . | . . . . Secondary . | . . . . Self-Inflicted Damage . | . . . . Shots . | . . . . Rammed . | . . . . Targets Rammed . | . . . . Kicked . | . . . . Crushed . | . . . . Highest Temperature 220 | . 26 220 119 Average Temperature 43 | . 9 53 57 Received Heat Transfer 396 | . 357 39 . Siege Activations . | . . . . Robots Corrupted . | . . . . Combat Hostiles . | . . . . Parts Fried . | . . . . Impact Corruptions . | . . . . Robots Melted . | . . . . Combat Hostiles . | . . . . Parts Melted . | . . . . Heat Transferred . | . . . . Parts Sabotaged . | . . . . Parts Stolen . | . . . . Parts Stripped . | . . . . Power Chain Reactions . | . . . . Missiles Intercepted . | . . . . Alert | -11 -10 -10 -10 ------- Run | Scr Mat Min Exi Peak Influence 321 | 5 210 321 . Initial 79 | . 3 79 . Average 125 | 4 113 162 . Maximum Alert Level 1 | . 1 1 . Low Security (%) 74 | 100 78 62 . Level 1 25 | . 21 37 . Level 2 . | . . . . Level 3 . | . . . . Level 4 . | . . . . Level 5 . | . . . . High Security . | . . . . Max Security . | . . . . Squads Dispatched 4 | . 4 . . Investigation 2 | . 2 . . Extermination . | . . . . Reinforcement 2 | . 2 . . Assault . | . . . . Garrison . | . . . . Intercept . | . . . . Searches Triggered . | . . . . Construction Impeded . | . . . . Haulers Reinforced . | . . . . Active Scanning Responses . | . . . . Cargo Convoy Interrupts . | . . . . Stealth | -11 -10 -10 -10 --------- Run | Scr Mat Min Exi Distress Signals 2 | . 2 . . Communications Jammed . | . . . . Distress Signals . | . . . . Times Spotted 34 | . 24 7 3 Peak Tracking Total 11 | . 3 3 11 Tactical Retreats 3 | . 2 . 1 Traps | -11 -10 -10 -10 ------- Run | Scr Mat Min Exi Traps Triggered 2 | . 1 1 . Indirectly . | . . . . Trap Hack Attempts . | . . . . Triggered . | . . . . Disarmed . | . . . . Reprogrammed . | . . . . Reused . | . . . . Traps Extracted . | . . . . Installed . | . . . . Triggered . | . . . . Machines | -11 -10 -10 -10 ---------- Run | Scr Mat Min Exi Machines Disabled 1 | . . 1 . Max in Single Turn 1 | . . 1 . Machines Sabotaged . | . . . . Garrisons Compromised . | . . . . Overloaded Fab Kills . | . . . . Hacking | -11 -10 -10 -10 --------- Run | Scr Mat Min Exi Machines Accessed 8 | . 7 1 . Terminals 5 | . 5 . . Fabricators . | . . . . Repair Stations . | . . . . Recycling Units 2 | . 2 . . Scanalyzers . | . . . . Garrison Access . | . . . . Total Hacks 17 | . 16 1 . Successful 10 | . 9 1 . Failed 6 | . 6 . . Catastrophic . | . . . . Database Lockouts 1 | . 1 . . Manual 8 | . 8 . . Terminals 14 | . 14 . . Fabricators . | . . . . Repair Stations . | . . . . Recycling Units 2 | . 2 . . Scanalyzers . | . . . . Garrison Access . | . . . . Terminal Hacks 8 | . 7 1 . Prototype ID Bank 3 | . 3 . . Open Door 1 | . . 1 . Terminal Index 1 | . 1 . . Hauler Manifests 1 | . 1 . . Zone Layout 2 | . 2 . . Fabricator Hacks . | . . . . Repair Station Hacks . | . . . . Recycling Unit Hacks . | . . . . Scanalyzer . | . . . . Garrison Access Hacks . | . . . . Unauthorized Hacks 2 | . 2 . . Terminals . | . . . . Fabricators . | . . . . Repair Stations . | . . . . Recycling Units 2 | . 2 . . Tunnel 2 | . 2 . . Scanalyzers . | . . . . Garrison Access . | . . . . Data Cores Recovered . | . . . . Used . | . . . . Hacking Detections 4 | . 4 . . Full Trace Events . | . . . . Feedback Events . | . . . . Feedback Blocked . | . . . . Robot Schematics Acquired . | . . . . Robots Built . | . . . . Authchips . | . . . . Time . | . . . . Total Robot Build Rating . | . . . . Part Schematics Acquired . | . . . . Parts Built . | . . . . Authchips . | . . . . Time . | . . . . Total Part Build Rating . | . . . . Parts Repaired . | . . . . Time . | . . . . Parts Recycled . | . . . . Recycled Matter . | . . . . Retrieved Matter . | . . . . Retrieved Components . | . . . . Parts Scanalyzed . | . . . . Part Schematics Acquired . | . . . . Parts Damaged . | . . . . Bothacking | -11 -10 -10 -10 ------------ Run | Scr Mat Min Exi Used RIF Installer . | . . . . Robots Hacked . | . . . . Non-combat . | . . . . Combat . | . . . . Robot Hacks Applied . | . . . . Relay Couplers Released . | . . . . Fabnet Peak Effective % . | . . . . Robots Rewired . | . . . . Allies Hacked . | . . . . Hacks Repelled . | . . . . Allies | -11 -10 -10 -10 -------- Run | Scr Mat Min Exi Total Allies . | . . . . Largest Group . | . . . . Highest-Rated Group . | . . . . Highest-Rated Ally . | . . . . Total Orders . | . . . . Ally Attacks . | . . . . Total Damage . | . . . . Kills . | . . . . Allies Corrupted . | . . . . Allies Melted . | . . . . Intel | -11 -10 -10 -10 ------- Run | Scr Mat Min Exi Robot Analysis Total . | . . . . Derelict Logs Recovered . | . . . . Drone Launches . | . . . . Drone Recoveries . | . . . . Exploration | -11 -10 -10 -10 ------------- Run | Scr Mat Min Exi Turns Passed 1959 | 26 1304 502 127 Spaces Moved 1131 | 11 651 357 112 Core . | . . . . Treads 337 | 11 326 . . Legs . | . . . . Wheels 794 | . 325 357 112 Hover . | . . . . Flight . | . . . . Fastest Speed 110 | 160 110 110 110 Average Speed 128 | 160 135 119 110 Slowest Speed 160 | 160 160 125 110 Overloaded Moves . | . . . . Propulsion Burnouts . | . . . . Robots Hopped . | . . . . Cave-ins Triggered . | . . . . Exploration Rate (%) 52 | 2 98 65 44 Regions Visited 3 Branch Regions 2 Pre-discovered Areas 2 | . 2 . . Known Exits Taken . | . . . . Unknown Exits Taken 3 | 1 1 1 . Scrap Searched 1 | . . 1 . Spaces Dug . | . . . . Terrain Destroyed 34 | . 12 22 . Melee . | . . . . Projectile . | . . . . AOE 34 | . 12 22 . Terrain Rammed . | . . . . Walls Destroyed . | . . . . Machines Disabled . | . . . . Actions | -11 -10 -10 -10 --------- Run | Scr Mat Min Exi Total 1428 | 19 888 404 117 Wait 117 | 1 105 11 . Move 1128 | 10 650 356 112 Hop . | . . . . Pick Up 19 | . 13 4 2 Fast Attach 4 | 1 2 1 . Attach 3 | 2 . 1 . Detach . | . . . . Swap 17 | . 8 9 . Drop 19 | 4 6 6 3 Fire 121 | 1 104 16 . Melee . | . . . . Ram . | . . . . Kick . | . . . . Crush . | . . . . Escape Stasis . | . . . . Rewire . | . . . . Trap . | . . . . Miscellaneous . | . . . . Route ------- -11/Scrapyard -10/Materials (discovered 5 exits: [*Mat x3] / *Min x2) -10/Mines (discovered 3 exits: [*Mat x2] / [*Exi]) -10/Exiles History --------- Turn | Location | Event 9 | -11/Scrapyard | Discovered new exit (range 2) 27 | -11/Scrapyard | Entered Materials 161 | -10/Materials | Discovered new exit (range 15) 309 | -10/Materials | Build established: Mutant 604 | -10/Materials | Discovered new exit (range 10) 863 | -10/Materials | Discovered new exit (range 8) 958 | -10/Materials | Central database locked down 1064 | -10/Materials | Core integrity fell below 50% 1229 | -10/Materials | Discovered new exit (range 13) 1313 | -10/Materials | Discovered new exit (range 12) 1331 | -10/Materials | Entered Mines 1351 | -10/Mines | Met a Derelict who couldn't figure out how to use a Trap Extractor 1705 | -10/Mines | Discovered new exit (range 10) 1734 | -10/Mines | System corruption reached 10% 1819 | -10/Mines | Discovered new exit (range 9) 1828 | -10/Mines | Deemed a non-threat by the Exiles lab entrance 1828 | -10/Mines | Discovered new exit (range 5) 1833 | -10/Mines | Entered Exiles 1859 | -10/Exiles | Met 8R-AWN 1879 | -10/Exiles | Met EX-HEX 1944 | -10/Exiles | Met EX-DEC 1953 | -10/Exiles | Attacked by the Exiles 1955 | -10/Exiles | Core integrity fell below 20% 1960 | -10/Exiles | Destroyed by EX-DEC with AWS/EX-DEC Last Messages --------------- 01918_ Dropped Imp. Heat Sink. 01919_ Acquired Hcp. Matter Pod. 01921_ Dropped Beam Cannon. 01922_ Acquired Beam Cannon. 01923_ Dropped Hacking Suite. 01925_ Extracted 10 matter. 01935_ OD/JIR3C HSM&&S46TJP<3%MG&YR6>=MNWV=> EX-DEC: Ah I see we have a visitor. One wrong move in here and I'll invert your atomic chain! 01946_ EX-DEC: "Oops, I hope HEX didn't hear that..." 01953_ System corrupted: FCS attempts to trigger Lgt. Assault Rifle. 01953_ System corrupted: Lgt. Assault Rifle misfires. 01953_ EXILES: Hostile robot within lab perimeter. Defensive protocols time, folks! 01955_ EX-DEC: "Let's see what this bad boy can do..." 01955_ EX-DEC deploys DAS Turret. 01955_ Knocked back. 01958_ Assault Rifle destroyed. 01958_ Knocked back. 01959_ Lgt. Nuclear Core destroyed. Map ----- +----------------------------------------------------+ | ?????????????????????????????????????????????????? | | ?????????????????????????????????????????????????? | | ?????????????????????????????????????????????????? | | ?????????????????????????????????????????????????? | | ?????????????????????????????????????????????????? | | ?????????????????????????????????????????????????? | | ?????????????????????????????????????????????????? | | ?????????????????????????????????????????????????? | | ?????????????????????????????????????????????????? | | ?????????????????????????????????????????????????? | | ?????????????????????????????????????????????????? | | ?????????????????????????????????????????????????? | | ?????????????????????????????????????????????????? | | ?????????????????????????????????????????????????? | | ?????????????????????????????????????????????????? | | ?????????????????????????????????????????????????? | | ??????????????????????????????? ??????????????? | | ??????????????????????????????? ???????????????? | | ??????????????????????????????? ???????????????? | | ?????????????? ???????????????? ""??????????????? | | ???????????? #?????????????? "???????????????? | | ??????????? ????????????? #???????????????? | | ????????????"" #####????### ###?????????????? | | ????????????#" """#####X# #"###"??????????? | | ????????????#" """""" " "?????? | | ??????????????# @ "" """ "?????? | | ???????????????# % " " ?????? | | ???????????????### ???? | | ?????????????????### % ??? | | ???????????????????## ?? | | ????????????????????## ?? | | ?????????????????????##" ??? | | ??????????????????????#""" % ""?????? | | ?????????????????????##" c ##??????? | | ?????????????????????#"" ""##???????? | | ?????????????????????#""" """##????????? | | ?????????????????????""" """##?????????? | | ?????????????????????""" ""#??????????? | | ????????????????????#"" ########??### | | ????????????????????#""" ## ####"" | | ?????????????????????"" """" | | ?????????????????????#"" | | ?????????????????????#"""" | | ??????????????????????# | | ??????????????????????#" " | | ??????????????????????#"""" ""## ## | | ??????????????????????#"" ""#### ## | | ???????????????????????" """"##??# #? | | ???????????????????????""" """#??## ## | | ???????????????????????? ""##??#! " | +----------------------------------------------------+ Best States ------------- Heat Dissipation 39 Energy Generation 14 Energy Capacity 250 Matter Stores 300 Matter Capacity 300 Sight Range 16 Terrain Scan Range 16 Terrain Scan Density 10 Armor Coverage 150 Core Shielding 20 Evasion (%) 40 Targeting Accuracy 8 Recoil Reduction 2 Item Schematics ----------------- None Robot Schematics ------------------ None Fabricated ------------ Nothing Alien Tech Used ----------------- None Achievements -------------- None Challenges ------------ None Game ------ Seed RiotAutogunScanner Manual? 0 Play Time 00:12:18 Cumulative 583.3 hours Start 2022.04.19 @ 00:30:23 End 2022.04.19 @ 00:45:09 Sessions 1 Manual Loads 0 Difficulty Rogue Special Mode None Game No. 557 Rogue 557 Adventurer 0 Explorer 0 Win Type - Total 20 Types 10/3/4/1/0/0/1/1/0 Lore% 87 Gallery% 94 Achievement% 77 Wizard Run 0 Options --------- ASCII 0 Keyboard 0 Movement Mouse Keybinds 1 Fullscreen 2 Font 24/Smallcaps Map View 76x50 Tactical HUD 1 Map Filters NONE Filters NONE Steam 1 RUN: 2b4e9a62-5901-4037-bdc0-24da2d0f26fb